 Dungeon Crawl Stone Soup version 0.30-a0-799-g109b55a442 (webtiles) character file.

Game seed: 16617407726115791931

34955 AzureAlchemist the Fighter (level 13, -5/74 HPs)
             Began as a Vine Stalker Berserker on Feb 20, 2023.
             Was a High Priest of Trog.
             Slain by a raiju (7 damage)
             ... while paralysed by a dread lich
             ... on level 2 of the Abyss.
             The game lasted 01:11:16 (12169 turns).

AzureAlchemist the Fighter (VSBe)                  Turns: 12169, Time: 01:11:17

Health: -5/74      AC: 12    Str: 19    XL:     13   Next: 80%
Magic:  0/14       EV:  2    Int:  7    God:    Trog [*****.]
Gold:   1083       SH:  0    Dex: 20    Spells: 12/12 levels left

rFire   + . .      SeeInvis .      - Unarmed
rCold   . . .      Faith    .    z - +0 buckler
rNeg    . . .      Spirit   +    Q - +0 swamp dragon scales
rPois   +          Reflect  .    Z - +1 hat
rElec   .          Harm     .    s - +0 cloak
rCorr   .          Rampage  .    (no gloves)
Will    +....                    J - +0 pair of boots
Stlth   +                        W - amulet of magic regeneration
HPRegen 0.00/turn                P - +5 ring of evasion
MPRegen 0.54/turn                V - ring of protection from fire

@: paralysed, about to teleport, on berserk cooldown, sick, slowed, studying
Staves
A: fangs 3, regeneration 1, magic shield, antimagic bite, no potion heal 2
a: Renounce Religion, Berserk, Trog's Hand, Brothers in Arms


You were on level 2 of the Abyss.
You worshipped Trog.
Trog was extremely pleased with you.
You visited 2 branches of the dungeon, and saw 14 of its levels.
You visited the Abyss 1 time.
You also visited: Sewer and Bailey.

You collected 1083 gold pieces.

Inventory:

Missiles
 c - 6 silver boomerangs
 j - 6 atropa-tipped darts
 o - 44 poisoned darts
 v - 13 boomerangs
 D - 3 javelins
 R - 2 curare-tipped darts (quivered)
 T - a throwing net
Armour
 s - a +0 cloak (worn)
 z - a +0 buckler (worn)
 I - a +0 robe of resistance
 J - a +0 pair of boots (worn)
 Q - +0 swamp dragon scales (worn)
 U - +0 acid dragon scales
 Z - a +1 hat (worn)
Jewellery
 n - a ring of flight
 K - a +5 ring of evasion
 P - a +5 ring of evasion (left hand)
 V - a ring of protection from fire (right hand)
 W - an amulet of magic regeneration (around neck)
Wands
 b - a wand of digging (7)
 F - a wand of flame (18)
Scrolls
 d - 3 scrolls of teleportation
 e - 4 scrolls of vulnerability
 f - 2 scrolls of torment
 g - a scroll of blinking
 h - 5 scrolls of fear
 i - 3 scrolls of magic mapping
 m - 8 scrolls of enchant armour {unknown}
 q - a scroll of immolation {unknown}
 t - 2 scrolls of brand weapon {unknown}
 u - 2 scrolls of fog {unknown}
 w - 6 scrolls of noise {unknown}
 y - 2 scrolls of enchant weapon {unknown}
 A - 3 scrolls of silence {unknown}
 L - 4 scrolls of butterflies {unknown}
 M - a scroll of amnesia {unknown}
Potions
 a - 6 potions of curing {unknown}
 k - 5 potions of magic {unknown}
 l - 5 potions of heal wounds {unknown}
 p - 3 potions of flight {unknown}
 r - 2 potions of invisibility {unknown}
 x - 6 potions of haste {unknown}
 B - 7 potions of might {unknown}
 C - a potion of attraction {unknown}
 E - a potion of cancellation {unknown}
 G - 2 potions of berserk rage {unknown}
 H - 6 potions of degeneration {unknown}
 N - 4 potions of resistance
 O - a potion of mutation {unknown}
 S - 3 potions of brilliance {unknown}
 Y - 2 potions of lignification {unknown}


   Skills:
 - Level 11.0 Fighting
 + Level 6.7 Throwing
 - Level 7.0 Armour
 - Level 11.0 Dodging
 - Level 5.0 Shields
 - Level 11.0 Unarmed Combat


You had 12 spell levels left.
You didn't know any spells.
Your spell library contained the following spells:

 Spells                   Type           Power      Damage    Failure   Level
 Foxfire                  Conj/Fire      0%         2x1d4     67%         1
 Necrotise                Necr           0%         1d4       67%         1
 Sandblast                Erth           0%         2d4       67%         1
 Passwall                 Tmut/Erth      0%         N/A       82%         2
 Sublimation of Blood     Necr           0%         N/A       82%         2
 Call Canine Familiar     Summ           0%         N/A       96%         3
 Dazzling Flash           Conj/Hex       0%         N/A       96%         3
 Frozen Ramparts          Ice            0%         1d1       96%         3
 Portal Projectile        Hex/Tloc       0%         N/A       96%         3
 Stone Arrow              Conj/Erth      0%         3d7       96%         3
 Vampiric Draining        Necr           0%         2d6       96%         3
 Animate Armour           Summ/Erth      0%         N/A       100%        4
 Ice Form                 Ice/Tmut       0%         N/A       100%        4
 Iskenderun's Mystic Bla  Conj/Tloc      0%         2d3       100%        4
 Leda's Liquefaction      Hex/Erth       0%         N/A       100%        4
 Petrify                  Tmut/Erth      0%         N/A       100%        4
 Summon Ice Beast         Ice/Summ       0%         N/A       100%        4
 Agony                    Necr           0%         N/A       100%        5
 Blade Hands              Tmut           0%         N/A       100%        5
 Fireball                 Conj/Fire      0%         3d3       100%        5
 Irradiate                Conj/Tmut      0%         3d11      100%        5
 Metabolic Englaciation   Hex/Ice        0%         N/A       100%        5
 Iron Shot                Conj/Erth      0%         9d1       100%        6
 Starburst                Conj/Fire      0%         6d3       100%        6
 Statue Form              Tmut/Erth      0%         N/A       100%        6


Dungeon Overview and Level Annotations

Branches:
Dungeon (10/15)            Temple (0/1) D:6            Lair (4/5) D:8
 Shoals (0/4) Lair:2       Spider (0/4) Lair:3        Slime (0/5) Lair:4
  Sewer (visited)          Bailey (visited)
    Orc: D:9-12

Altars:
Dithmenos
Kikubaaqudgha
Makhleb
Uskayaw
Vehumet
Wu Jian
Xom
Lugonu

Shops:
D:6 (

Portals:
Abyss: Lair:4

Annotations:
Lair:4 1 runed translucent door, exclusion: door, Sonja; barkas's ghost, journeyman TrCA


Innate Abilities, Weirdness & Mutations

You have razor-sharp teeth.
Your natural rate of healing is unusually fast.
When hurt, damage is shared between your health and your magic reserves.
Your bite disrupts and absorbs the magic of your enemies.
Potions cannot restore your health.


Message History

You feel a strong urge to attack something.
The starspawn tentacle completely misses you.
An ancient zyme comes into view.
You feel your anger nearly subside.
You are no longer berserk.
You are exhausted.
You feel yourself slow down.
As you read the scroll of teleportation, it crumbles to dust.
You feel strangely unstable.
You feel the power of the Abyss delaying your translocation!
The harpy zombie completely misses you. The harpy zombie misses you.
You block the harpy zombie's attack. The harpy zombie completely misses you.
You block the harpy zombie's attack. The harpy zombie closely misses you.
The raiju bursts into living lightning!
The living lightning misses you.
The raiju blinks!
The harpy zombie misses you. x2
The harpy zombie closely misses you. The harpy zombie claws you.
The harpy zombie barely misses you. The harpy zombie completely misses you.
The harpy zombie barely misses you. The harpy zombie closely misses you.
A dread lich comes into view.
The dread lich shouts!
The harpy zombie completely misses you. The harpy zombie misses you.
You block the harpy zombie's attack. The harpy zombie completely misses you.
A raiju comes into view.
The raiju completely misses you. The harpy zombie claws you.
* * * LOW HITPOINT WARNING * * *
The harpy zombie misses you. The harpy zombie closely misses you.
The harpy zombie completely misses you.
The dread lich points at you and mumbles some strange words.
You suddenly lose the ability to move!
The harpy zombie claws you but does no damage. x2
The dread lich mumbles some strange words.
The dread lich flickers and vanishes!
Deactivating autopickup; reactivate with Ctrl-A.
A starcursed mass comes into view.
The harpy zombie claws you but does no damage. x2
You hear a bark!
The harpy zombie claws you.
* * * LOW HITPOINT WARNING * * *
The harpy zombie claws you but does no damage.
The raiju bites you. The raiju shocks you!
You die...

# #.#.....
#X##......
.#.....h {.....
###.... . #.....
# #.# #...Z##.#
#...#..Xh@#x# .
#....X#xX....#
........#...###..
......# .#...#
...#..###.......
.# #. ##..### #.
.## . #. .#


You could see a starcursed mass, a tentacled starspawn, an ancient zyme, 2
thrashing horrors, a raiju and a harpy zombie.

Vanquished Creatures
  A tentacled starspawn (Abyss:1)
  Gastronok (Lair:2)
  A rakshasa (Abyss:1)
  A hydra (Lair:4)
  Erica (Lair:2)
  A two-headed ogre (Bailey)
  A skyshark (Lair:3)
  A glowing orange brain (Abyss:2)
  2 lindwurms (Lair:2)
  A will-o-the-wisp (Abyss:2)
  2 black mambas
  7 elephants
  8 cane toads
  A torpor snail (Lair:2)
  A rime drake (D:8)
  3 komodo dragons
  2 ancient zymes (Abyss:2)
  2 hornets (D:9)
  A polar bear (Lair:3)
  A raiju (Abyss:2)
  16 blink frogs
  9 dream sheep
  A culicivora (Lair:3)
  30 yaks
  2 vampires (D:10)
  A ynoxinul (Abyss:2)
  3 wyverns
  3 basilisks (Lair:3)
  4 starcursed masses (Abyss:2)
  A fire elemental (Abyss:2)
  4 spriggans (Bailey)
  A steam dragon (Bailey)
  A neqoxec (Abyss:1)
  2 large abominations (Abyss:2)
  3 wargs (D:8)
  17 water moccasins
  2 acid dragons
  An orc warrior (D:9)
  A sky beast (D:7)
  2 ice beasts
  3 black bears
  15 wolves
  4 ogres
  7 centaurs
  2 phantoms
  5 kobold brigands
  9 bullfrogs
  2 gnoll sergeants
  3 scorpions
  A necrophage (D:4)
  9 wights
  4 hounds
  2 jellies (D:7)
  13 orc priests
  2 iron imps
  4 iguanas
  8 orc wizards
  A statue (D:9)
  5 river rats
  14 adders
  8 gnolls
  2 shadow imps
  5 white imps
  An ufetubus (D:7)
  A worm (D:2)
  A dart slug (D:1)
  30 orcs
  19 ball pythons
  4 endoplasms
  A giant cockroach (D:1)
  11 goblins
  7 hobgoblins
  4 jackals (D:3)
  33 kobolds
  7 bats
  4 frilled lizards
  32 rats
  A lurking horror (Lair:4)
427 creatures vanquished.

Vanquished Creatures (others)
  2 foxfires (Abyss:2)
  13 fungi
  37 plants
  6 starspawn tentacles
58 creatures vanquished.

Grand Total: 485 creatures vanquished

Notes
Turn   | Place    | Note
-------+----------+-------------------------------------------
     0 | D:1      | AzureAlchemist the Vine Stalker Berserker began the quest
                  | for the Orb.
     0 | D:1      | Reached XP level 1. HP: 11/11 MP: 2/2
   132 | D:1      | Reached XP level 2. HP: 16/16 MP: 3/3
   445 | D:1      | Reached XP level 3. HP: 20/20 MP: 4/4
   474 | D:1      | Reached ** piety under Trog
  1200 | D:2      | Gained mutation: Your natural rate of healing is unusually
                  | fast. [Vine Stalker growth]
  1200 | D:2      | Reached XP level 4. HP: 23/24 MP: 5/5
  1714 | D:3      | Reached XP level 5. HP: 29/29 MP: 4/6
  1862 | D:3      | Found a faded altar of an unknown god.
  1889 | D:3      | Found a glowing drain.
  1917 | Sewer    | Entered a sewer
  2043 | Sewer    | Reached *** piety under Trog
  2073 | Sewer    | Reached XP level 6. HP: 27/34 MP: 5/7
  2265 | Sewer    | Reached skill level 5 in Fighting
  2265 | Sewer    | Reached skill level 1 in Shields
  2807 | D:4      | Reached XP level 7. HP: 39/39 MP: 8/8
  3005 | D:4      | Reached **** piety under Trog
  3427 | D:5      | Entered Level 5 of the Dungeon
  3519 | D:5      | Reached skill level 5 in Unarmed Combat
  3573 | D:5      | Gained mutation: You have razor-sharp teeth. [Vine Stalker
                  | growth]
  3573 | D:5      | Reached XP level 8. HP: 25/44 MP: 5/9
  3764 | D:5      | Found a hide-covered altar of Uskayaw.
  3925 | D:5      | Found a burning altar of Makhleb.
  4077 | D:5      | Noticed a wyvern
  4084 | D:5      | Killed a wyvern
  4138 | D:5      | Found an ancient bone altar of Kikubaaqudgha.
  4265 | D:6      | Found Gygaw's Weapon Shoppe.
  4495 | D:6      | Reached XP level 9. HP: 50/50 MP: 8/10
  4588 | D:6      | Found a shadowy altar of Dithmenos.
  4655 | D:6      | Found a staircase to the Ecumenical Temple.
  5177 | D:7      | Found a shimmering altar of Xom.
  5297 | D:7      | Reached skill level 5 in Armour
  5827 | D:8      | Reached skill level 5 in Shields
  5827 | D:8      | Reached XP level 10. HP: 56/57 MP: 11/11
  5929 | D:8      | You are sucked into a shaft and drop 2 floors!
  5929 | D:10     | Entered Level 10 of the Dungeon
  6011 | D:10     | Found a flagged portal.
  6082 | Bailey   | Entered a bailey
  6331 | Bailey   | Noticed a two-headed ogre
  6341 | Bailey   | Killed a two-headed ogre
  6661 | D:10     | Reached ***** piety under Trog
  6752 | D:9      | Reached XP level 11. HP: 62/62 MP: 12/12
  6995 | D:9      | Found a radiant altar of Vehumet.
  7079 | D:9      | Reached skill level 5 in Dodging
  7090 | D:9      | Found an ornate altar of the Wu Jian Council.
  7474 | D:8      | Found a staircase to the Lair.
  7656 | Lair:1   | Entered Level 1 of the Lair of Beasts
  7718 | Lair:1   | Reached skill level 10 in Fighting
  7969 | Lair:1   | Received a gift from Trog
  8681 | Lair:2   | Noticed Gastronok
  8693 | Lair:2   | Killed Gastronok
  8763 | Lair:2   | Found a staircase to the Shoals.
  8776 | Lair:2   | Reached XP level 12. HP: 60/68 MP: 13/13
  9225 | Lair:2   | Noticed Erica
  9232 | Lair:2   | Killed Erica
  9509 | Lair:2   | Reached skill level 1 in Throwing
 10163 | Lair:3   | Noticed a skyshark
 10187 | Lair:3   | Killed a skyshark
 10212 | Lair:3   | Reached skill level 10 in Unarmed Combat
 10327 | Lair:3   | Received a gift from Trog
 10338 | Lair:3   | Reached XP level 13. HP: 58/74 MP: 12/14
 10421 | Lair:3   | Found a hole to the Spider Nest.
 11052 | Lair:4   | Found a runed translucent door.
 11053 | Lair:4   | Found a shimmering altar of Xom.
 11053 | Lair:4   | Found a staircase to the Slime Pits.
 11053 | Lair:4   | Noticed barkas's ghost (journeyman TrCA)
 11118 | Lair:4   | Reached skill level 10 in Dodging
 11525 | Lair:4   | Found a corrupted altar of Lugonu.
 11525 | Lair:4   | Found a one-way gate to the infinite horrors of the Abyss.
 11739 | Lair:4   | Noticed Sonja
 11752 | Abyss:1  | Cast into level 1 of the Abyss (Sonja)
 11830 | Abyss:1  | Noticed a rakshasa
 11834 | Abyss:1  | Noticed a tentacled starspawn
 11843 | Abyss:1  | Killed a rakshasa
 11867 | Abyss:1  | Killed a tentacled starspawn
 11868 | Abyss:1  | Reached skill level 5 in Throwing
 12073 | Abyss:2  | Noticed a starcursed mass
 12082 | Abyss:2  | Paralysed by accursed screaming for 1 turns
 12146 | Abyss:2  | Noticed a tentacled starspawn
 12166 | Abyss:2  | Noticed a dread lich
 12167 | Abyss:2  | Paralysed by a dread lich for 4 turns
 12168 | Abyss:2  | Noticed a starcursed mass
 12169 | Abyss:2  | HP: 2/74 [harpy zombie (3)]
 12169 | Abyss:2  | Slain by a raiju

Illustrated notes

Levels and vault maps discovered:
D:1:      lightli_arrival_statue_moat, layout_rooms, moated_statue
D:2:      layout_loops_ring
D:3:      layout_loops_ring, portal_sewer_entry_b,
          dreamdust_ecumenical_altar_hidden_monk_grotto, minmay_misc_feat_x
D:4:      layout_gridville, minmay_manual_mullet
D:5:      layout_loops_cross, lemuel_coloured_pillars_altar, lemuel_round_altar,
          nicolae_uskayaw_suspiria, amcnicky_mini_pool_small
D:6:      layout_cave_pools, kennysheep_mini_moat,
          minmay_temple_entry_offerings, serial_shops, nicolae_shop_waterfront,
          reono_crystal_passage, grunt_ministairs_1, kennysheep_dice
D:7:      layout_rooms, xom_butterflies, minmay_joined_circles
D:8:      layout_rooms, erik_lair_orcish_takeover, grunt_decor_fettered
D:9:      layout_rooms, vehumet_statue, marbit_many_paths
D:10:     layout_loops_cross, enter_bailey_2, hangedman_tell_no_tales
Lair:1:   layout_concentric_octagons, infiniplex_staircase_pool,
          grunt_megastairs_3
Lair:2:   layout_layer_cave, minmay_shoals_entry_centaurs,
          hangedman_lair_generics_rect, uniq_erica, uniq_gastronok
Lair:3:   layout_loops_ring, spider_nest_entry_funnel_web
Lair:4:   layout_regular_city, slime_entry_1, ebering_ghost_xom,
          amcnicky_altar_lugonu_corruption, grunt_megastairs_4, uniq_sonja
Abyss:2:  base: D:9, evilmike_abyss_exit_mutagenic

Skill      XL: |  1  2  3  4  5  6  7  8  9 10 11 12 13 |
---------------+----------------------------------------+-----
Fighting       | 3 4 5 6 7 8 9 10 11 | 11.0
Armour         | 2 3 4 5 7 |  7.0
Unarmed Combat | 4 5 6 7 8 9 10 11 | 11.0
Shields        | 1 2 3 5 |  5.0
Dodging        | 3 7 9 11 | 11.0
Throwing       | 3 6 |  6.7

Action                     |  1- 3 |  4- 6 |  7- 9 | 10-12 | 13-15 || total
---------------------------+-------+-------+-------+-------+-------++-------
  Melee: Unarmed           |   105 |   119 |   335 |   669 |   351 ||  1579
         Bite              |    28 |    44 |   107 |   287 |   166 ||   632
         Punch             |     1 |     1 |       |       |       ||     2
   Fire: Sling             |    21 |    80 |    57 |    25 |       ||   183
  Throw: Boomerang         |       |       |       |     5 |     7 ||    12
 Invoke: Berserk           |     1 |     4 |    11 |    10 |     2 ||    28
    Use: Scroll            |       |       |       |     6 |     1 ||     7
   Stab: Sleeping          |       |       |       |     1 |       ||     1
         Distracted        |       |       |       |       |     1 ||     1
 Armour: Animal skin       |    13 |       |       |       |       ||    13
         Ring mail         |    12 |    41 |   124 |    12 |       ||   189
         Swamp dragon scal |       |       |       |   139 |    42 ||   181
  Dodge: Dodged            |    52 |    69 |   153 |   354 |   221 ||   849
  Block: Buckler           |       |    11 |    79 |   181 |    87 ||   358

Table legend: (Time is in decaauts)
 A = Elapsed time spent in this place.
 B = Non-inter-level travel time spent in this place.
 C = Inter-level travel time spent in this place.
 D = Time resting spent in this place.
 E = Time spent auto-exploring this place.
 F = Levels seen in this place.
 G = Mean time per level.
                   A        B        C        D        E       F      G
               +--------+--------+--------+--------+--------+-----+--------+
         Total |  12242 |  11801 |    441 |    994 |   5790 |  18 |  680.1 |
       Dungeon |   6972 |   6673 |    299 |    576 |   3318 |  10 |  697.2 |
          Lair |   4041 |   3899 |    142 |    175 |   2447 |   4 | 1010.2 |
         Abyss |    407 |    407 |      0 |    113 |      0 |   2 |  203.5 |
         Sewer |    438 |    438 |      0 |     66 |      0 |   1 |  438.0 |
        Bailey |    382 |    382 |      0 |     64 |     25 |   1 |  382.0 |
               +--------+--------+--------+--------+--------+-----+--------+

Top non-repeatable levels by time:
  Lair:2: 1295 daAuts
  Lair:1: 1072 daAuts
  Lair:3: 990 daAuts
     D:5: 869 daAuts
     D:3: 839 daAuts
     D:1: 816 daAuts
     D:7: 815 daAuts
     D:4: 749 daAuts
     D:8: 692 daAuts
  Lair:4: 682 daAuts
     D:6: 680 daAuts
     D:2: 644 daAuts
    D:10: 470 daAuts
   Sewer: 438 daAuts
     D:9: 395 daAuts
